 Dungeon Sprint DCSS version 0.23.1 (webtiles) character file.

Game seed: 16769711416351814202

4321 nuthulu the Unseen (level 10, -1/44 HPs)
             Began as a Spriggan Enchanter on Mar 7, 2019.
             Was a Priest of Dithmenos.
             Slain by a demonic crawler (12 damage)
             ... in the Dungeon (Sprint I: "Red Sonja").
             The game lasted 00:03:41 (731 turns).

nuthulu the Unseen (Spriggan Enchanter)              Turns: 731, Time: 00:03:41

Health: -1/44      AC:  2    Str:  9    XL:     10   Next: 11%
Magic:  5/27       EV: 32    Int: 16    God:    Dithmenos [***...]
Gold:   947        SH:  0    Dex: 21    Spells: 22/34 levels left

rFire    . . .     SeeInvis +   m - +1 dagger (venom)
rCold    . . .     Gourm    .   (shield restricted)
rNeg     . . .     Faith    .   b - +0 robe
rPois    .         Spirit   .   (helmet restricted)
rElec    .         Reflect  .   (no cloak)
rCorr    .         Harm     .   (gloves unavailable)
MR       +....     NoTele   +   (boots unavailable)
Stlth    ++++++++++             (no amulet)
HPRegen  0.14/turn              (no ring)
MPRegen  0.20/turn              (no ring)

@: mighty, hasted, wreathed by umbra, very quick
A: very small, unfitting armour, see invisible, herbivore, speed 3, slow
metabolism 2
a: Shadow Step, Renounce Religion


You were in the Dungeon.
You worshipped Dithmenos.
Dithmenos was most pleased with you.
You were not hungry.

You visited 1 branch You collected 947 gold pieces.

Inventory:

Hand Weapons
 a - a +1 dagger
 l - a +0 blowgun
 m - a +1 dagger of venom (weapon)
Missiles
 n - 7 curare-tipped needles
Armour
 b - a +0 robe (worn)
Wands
 c - a wand of polymorph (16)
Scrolls
 i - a scroll of fog {unknown}
 j - a scroll of blinking
 o - a scroll of amnesia
Potions
 e - 2 potions of curing
 h - 2 potions of magic
Comestibles
 d - a ration


   Skills:
 + Level 11.4 Short Blades
 + Level 14.5 Dodging
 * Level 20.9 Stealth
 + Level 12.5 Spellcasting
 - Level 7.2 Hexes


You had 22 spell levels left.
You knew the following spells:

 Your Spells              Type           Power        Failure   Level  Hunger
a - Corona                Hex            ####...      1%          1    None
b - Ensorcelled Hibernat  Hex/Ice        ###...       2%          2    None
c - Dazzling Spray        Conj/Hex       ###...       4%          3    None
d - Tukima's Dance        Hex            ####....     1%          3    None
e - Confuse               Hex            ####....     1%          3    None

Your spell library contained the following spells:

 Spells                   Type           Power        Failure   Level  Hunger


Dungeon Overview and Level Annotations

Branches:
Dungeon (1/1)

Altars:
Cheibriados
Dithmenos
Elyvilon
Fedhas
Gozag
Hepliaklqana
Kikubaaqudgha
Makhleb
Nemelex Xobeh
Okawaru
Qazlal
Ru
Sif Muna
Trog
Uskayaw
Vehumet
Wu Jian
Xom
Yredelemnul
Zin
The Shining One
Jiyva
Lugonu

Shops:
D }[


Innate Abilities, Weirdness & Mutations

You are very small and have problems with some larger weapons.
You are too small for most types of armour.
You have supernaturally acute eyesight. (SInv)
You are a herbivore.
You cover ground extremely quickly.
You need to consume almost no food.


Message History

The demonic crawler completely misses you.
The demonic crawler hits you.
* * * LOW HITPOINT WARNING * * *
The demonic crawler completely misses you.
You barely miss the demonic crawler.
The demonic crawler is lightly wounded.
The demonic crawler misses you.
The demonic crawler completely misses you.
The demonic crawler closely misses you.
You hit the demonic crawler.
The demonic crawler is moderately wounded.
Unknown command.
You hit the demonic crawler but do no damage.
The demonic crawler is moderately wounded.
The demonic crawler gives a hideous shriek!
You hit the demonic crawler but do no damage.
The demonic crawler is moderately wounded.
The demonic crawler completely misses you. x2
The demonic crawler hits you!
You die...

##########################
#<.#..+).#.)'..#__#..'..)#
#..+).#..'..#s.'..'..#...##+#
#..#####'#####s#__####)..'..#
#..####..#...#@####§[#####..+
#..#__####..##)#≈≈§.§#§§# +##
#..#_____##'#_.'≈§§§§§.§#
#⌠⌠#_.∩...'..._#§≈§§)#..#
####_..__##_.#'##§#####+#
#_____###'#.#§§§(###
#########.####'###.##
+...'.....'(∩# #.†.##########


You could see 2 demonic crawlers.

Vanquished Creatures
  2 centaur warriors (D)
  Sonja (D)
  A deep troll (D)
  2 kobold demonologists (D)
  2 demonic crawlers (D)
  A hornet (D)
  A slime creature (D)
  Sigmund (D)
  A yak (D)
  A floating eye (D)
  An ogre (D)
  A jelly (D)
  Ijyb (D)
  4 ballistomycetes (D)
  A ballistomycete spore (D)
21 creatures vanquished.

Vanquished Creatures (others)
  A gargoyle (D)
  A ballistomycete spore (D)
2 creatures vanquished.

Grand Total: 23 creatures vanquished

Notes
Turn   | Place    | Note
-------+----------+-------------------------------------------
     0 | D        | nuthulu the Spriggan Enchanter began the quest for the Orb.
     0 | D        | Reached XP level 1. HP: 9/9 MP: 5/5
     1 | D        | Noticed Ijyb
    14 | D        | Killed Ijyb
    14 | D        | Reached skill level 6 in Stealth
    14 | D        | Reached XP level 2. HP: 10/13 MP: 5/7
   148 | D        | Noticed an ogre
   156 | D        | Learned a level 2 spell: Ensorcelled Hibernation
   157 | D        | Killed an ogre
   157 | D        | Reached skill level 9 in Stealth
   157 | D        | Reached skill level 5 in Spellcasting
   157 | D        | Reached skill level 5 in Hexes
   157 | D        | Reached XP level 3. HP: 16/16 MP: 4/10
   157 | D        | Reached XP level 4. HP: 21/21 MP: 4/12
   226 | D        | Learned a level 3 spell: Dazzling Spray
   230 | D        | Learned a level 3 spell: Tukima's Dance
   234 | D        | Learned a level 3 spell: Confuse
   235 | D        | Noticed Sigmund
   239 | D        | Killed Sigmund
   239 | D        | Reached skill level 5 in Short Blades
   239 | D        | Reached skill level 11 in Stealth
   239 | D        | Reached XP level 5. HP: 24/24 MP: 11/15
   239 | D        | Reached XP level 6. HP: 28/28 MP: 11/16
   274 | D        | Found an ornate altar of the Wu Jian Council.
   274 | D        | Found a deep blue altar of Sif Muna.
   276 | D        | Found a radiant altar of Vehumet.
   281 | D        | Reached skill level 12 in Stealth
   296 | D        | Found Dahovv Ovom's Gadget Emporium.
   296 | D        | Found an ancient bone altar of Kikubaaqudgha.
   296 | D        | Found a hazy altar of Hepliaklqana.
   296 | D        | Found a hide-covered altar of Uskayaw.
   296 | D        | Found a basalt altar of Yredelemnul.
   296 | D        | Found an opulent altar of Gozag.
   296 | D        | Found a snail-covered altar of Cheibriados.
   296 | D        | Found a sacrificial altar of Ru.
   296 | D        | Found a shadowy altar of Dithmenos.
   296 | D        | Noticed a yak
   297 | D        | Found a stormy altar of Qazlal.
   297 | D        | Found a blossoming altar of Fedhas.
   297 | D        | Found a bloodstained altar of Trog.
   297 | D        | Found an iron altar of Okawaru.
   297 | D        | Found a glowing golden altar of the Shining One.
   297 | D        | Found a glowing silver altar of Zin.
   297 | D        | Found a white marble altar of Elyvilon.
   298 | D        | Killed a yak
   298 | D        | Reached skill level 13 in Stealth
   299 | D        | Found a sparkling altar of Nemelex Xobeh.
   306 | D        | Became a worshipper of Dithmenos the Shadowed
   320 | D        | Found a viscous altar of Jiyva.
   320 | D        | Found a corrupted altar of Lugonu.
   320 | D        | Noticed a slime creature
   321 | D        | Found a burning altar of Makhleb.
   321 | D        | Found a shimmering altar of Xom.
   323 | D        | Killed a slime creature
   323 | D        | Reached skill level 14 in Stealth
   323 | D        | Reached XP level 7. HP: 32/32 MP: 17/19
   335 | D        | Noticed a kobold demonologist
   336 | D        | Noticed a kobold demonologist
   338 | D        | Killed a kobold demonologist
   338 | D        | Reached skill level 10 in Dodging
   338 | D        | Reached skill level 15 in Stealth
   339 | D        | Reached * piety under Dithmenos
   341 | D        | Killed a kobold demonologist
   341 | D        | Reached skill level 16 in Stealth
   341 | D        | Reached XP level 8. HP: 36/36 MP: 19/22
   377 | D        | Noticed a centaur warrior
   380 | D        | Noticed a centaur warrior
   383 | D        | Killed a centaur warrior
   383 | D        | Reached skill level 17 in Stealth
   383 | D        | Reached skill level 10 in Spellcasting
   384 | D        | Killed a centaur warrior
   384 | D        | Reached ** piety under Dithmenos
   384 | D        | Reached skill level 10 in Short Blades
   384 | D        | Reached skill level 19 in Stealth
   384 | D        | Reached XP level 9. HP: 39/39 MP: 22/25
   413 | D        | Noticed a deep troll
   417 | D        | Killed a deep troll
   480 | D        | Found Daidghips's Armour Emporium.
   493 | D        | Noticed Sonja
   496 | D        | Killed Sonja
   496 | D        | Reached skill level 20 in Stealth
   533 | D        | Killed a gargoyle
   690 | D        | Noticed a demonic crawler
   690 | D        | Noticed a demonic crawler
   690 | D        | Noticed a demonic crawler
   690 | D        | Noticed a demonic crawler
   721 | D        | Killed a demonic crawler
   721 | D        | Reached *** piety under Dithmenos
   721 | D        | Reached XP level 10. HP: 15/44 MP: 13/27
   731 | D        | Slain by a demonic crawler

Skill      XL: |  1  2  3  4  5  6  7  8  9 |
---------------+----------------------------+-----
Short Blades   | 2 4 5 7 8 10 11 | 11.4
Dodging        | 4 6 7 9 11 13 14 | 14.5
Stealth        | 6 9 11 14 16 19 20 | 20.9
Spellcasting   | 3 5 6 8 9 11 12 | 12.5
Hexes          | 4 5 7 |  7.2

Action                   |  1- 3 |  4- 6 |  7- 9 | 10-12 || total
-------------------------+-------+-------+-------+-------++-------
Melee: Dagger            |    13 |     4 |    68 |     7 ||    92
 Fire: Blowgun           |       |       |     2 |       ||     2
 Cast: Ensorcelled Hiber |     1 |     1 |     1 |       ||     3
       Corona            |     1 |       |     1 |       ||     2
       Dazzling Spray    |       |       |     5 |     3 ||     8
  Use: Potion            |     1 |       |     4 |       ||     5
       Scroll            |       |       |     2 |       ||     2
 Stab: Sleeping          |     1 |     4 |     8 |       ||    13
       Invisible         |       |       |     1 |     1 ||     2
Dodge: Dodged            |     6 |     1 |    28 |    10 ||    45
